Map: Pillars of Gold LE

Players

Serral - Winner!

  • Race: Zerg Zerg
  • Spawn Location: 1:00

TYTY (TY)

  • Race: Terran Terran
  • Spawn Location: 7:00

VOD

Have the link to the VOD?

Description

Time

  • Played on: Jan. 17, 2021, 8:19 a.m.
  • Length: 17:02
Show
View Real Time Build Order
Export as new Build Order

Serral Zerg - Winner!

Build Orders: Hatch First 

Get SALT Encoding   

  12  0:00  Drone  
  13  0:12  Overlord  
  13  0:17  Drone  
  14  0:31  Drone x2  
  16  0:50  Hatchery  
  16  0:53  Drone  
  17  0:57  Drone  
  17  1:00  Drone  
  18  1:10  Extractor  
  17  1:15  Spawning Pool  
  16  1:19  Drone  
  16  1:22  Drone  
  18  1:28  Drone  
  19  1:39  Drone  
  20  1:49  Drone  
  21  2:01  Queen  
  21  2:02  Zergling x2, Queen  
  21  2:03  Zergling x2  
  27  2:11  Overlord  
  27  2:13  Drone  
  28  2:28  Hatchery  
  27  2:32  Drone  
  27  2:33  Drone  
  27  2:36  Drone  
  30  2:38  Drone  
  31  2:46  Queen  
  33  2:51  Overlord  
  33  2:57  Metabolic Boost  
  33  2:59  Drone  
  33  3:02  Drone  
  33  3:04  Drone  
  36  3:08  Pneumatized Carapace  
  36  3:13  Drone x2  
  36  3:16  Drone  
  36  3:19  Drone  
  40  3:21  Overlord  
  40  3:28  Queen  
  40  3:31  Drone  
  40  3:32  Drone  
  44  3:36  Overlord  
  44  3:41  Queen  
  46  3:50  Drone x4  
  46  3:51  Drone  
  51  4:00  Zergling x2  
  51  4:02  Drone x2  
  54  4:04  Baneling Nest  
  54  4:06  Zergling x2  
  54  4:09  Queen  
  56  4:10  Drone x3  
  56  4:14  Overlord  
  59  4:19  Overlord  
  59  4:25  Overlord  
  59  4:30  Overlord  
  59  4:34  Drone  
  59  4:35  Drone x6  
  66  4:40  Lair  
  66  4:41  Drone x2  
  66  4:42  Drone  
  69  4:48  Extractor  
  69  4:49  Extractor, Evolution Chamber  
  69  4:51  Drone x4  
  70  4:55  Drone x3  
  73  5:00  Overlord  
  73  5:02  Drone x3  
  73  5:06  Extractor, Drone  
  76  5:09  Zergling x2  
  77  5:15  Zerg Ground Armor Level 1  
  77  5:16  Hatchery  
  77  5:17  Zergling x2  
  77  5:19  Zergling x2  
  77  5:20  Zergling x2  
  78  5:23  Drone  
  78  5:25  Zergling x8  
  83  5:32  Baneling x6  
  84  5:35  Zergling x10  
  84  5:36  Zergling x2  
  84  5:38  Zergling x4  
  84  5:39  Zergling x2  
  92  5:48  Zergling x4  
  94  5:52  Overlord  
  94  5:53  Zergling x6  
  94  5:56  Baneling x2  
  97  5:58  Overlord  
  95  6:12  Drone  
  95  6:13  Zergling x2, Evolution Chamber  
  95  6:14  Zergling x2  
  95  6:15  Centrifical Hooks  
  95  6:18  Baneling x2  
  97  6:19  Overlord  
  97  6:21  Overlord x2  
  97  6:23  Drone x5  
  97  6:24  Zergling x6  
  105  6:28  Zergling x4  
  105  6:30  Baneling x4  
  105  6:31  Zergling x4, Queen  
  111  6:37  Zergling x2  
  111  6:40  Zerg Melee Weapons Level 1  
  111  6:41  Zergling x6  
  111  6:46  Zergling x6  
  117  6:55  Overlord, Drone  
  117  6:57  Hatchery  
  117  6:59  Baneling x2  
  116  7:02  Zergling x4  
  116  7:03  Drone x8  
  116  7:04  Drone x2  
  127  7:08  Extractor, Drone  
  127  7:09  Hydralisk Den  
  127  7:10  Spore Crawler  
  127  7:11  Zergling x4  
  127  7:13  Baneling x2  
  127  7:16  Zerg Ground Armor Level 2  
  127  7:19  Overlord  
  127  7:21  Zergling x10  
  130  7:26  Baneling x3  
  129  7:31  Zergling x16  
  135  7:39  Zergling x6  
  135  7:42  Muscular Augments  
  135  7:43  Baneling x6  
  138  7:45  Zergling x8  
  138  7:47  Queen  
  142  7:51  Baneling x5  
  123  7:58  Zergling x2  
  123  7:59  Zergling x8  
  123  8:02  Zergling x2  
  123  8:03  Zergling x4  
  112  8:09  Hydralisk  
  114  8:15  Hydralisk x9  
  131  8:20  Baneling x4  
  131  8:22  Hydralisk  
  131  8:24  Zergling x4  
  126  8:35  Zergling x4  
  126  8:36  Zergling x4  
  126  8:41  Zergling x28  
  132  8:47  Zergling x2  
  125  8:59  Zerg Melee Weapons Level 2  
  125  9:01  Hydralisk x4  
  128  9:04  Grooved Spines  
  128  9:05  Hatchery  
  127  9:15  Drone  
  127  9:16  Hydralisk x3  
  134  9:17  Zergling x18  
  134  9:23  Zergling x4  
  141  9:30  Zergling x6  
  144  9:33  Baneling x8  
  144  9:37  Zergling x6  
  147  9:39  Queen  
  147  9:40  Overlord  
  145  9:55  Zergling x18  
  151  10:02  Hatchery  
  151  10:06  Overlord  
  150  10:10  Drone x3  
  150  10:11  Zergling x8  
  157  10:15  Baneling  
  157  10:16  Baneling x2  
  157  10:23  Zergling x16  
  165  10:34  Overlord x3  
  166  10:35  Zergling x12  
  166  10:42  Overseer  
  170  10:46  Baneling x19  
  170  10:53  Zergling x18  
  170  11:05  Drone x2  
  170  11:09  Baneling x2  
  170  11:10  Baneling x2  
  167  11:11  Zergling x2  
  167  11:12  Zergling x10, Hatchery  
  164  11:30  Hydralisk x9  
  165  11:40  Spawning Pool  
  165  11:46  Hydralisk x5  
  159  11:54  Spawning Pool  
  165  11:57  Hydralisk x3  
  154  12:14  Zerg Missile Weapons Level 1  
  133  12:38  Drone  
  133  12:42  Zergling x56, Spawning Pool  
  158  12:49  Baneling x5  
  158  12:51  Queen  
  158  12:52  Drone  
  158  12:56  Zergling x2  
  158  12:57  Zergling x8  
  166  13:00  Hydralisk Den  
  166  13:01  Drone  
  166  13:02  Drone x2  
  166  13:03  Drone  
  166  13:04  Drone x2  
  166  13:05  Drone  
  173  13:10  Overlord, Overseer  
  173  13:15  Zergling x16  
  181  13:22  Baneling x4  
  181  13:23  Baneling x5  
  181  13:24  Baneling  
  181  13:25  Baneling x5  
  181  13:27  Zergling x8  
  185  13:35  Hatchery  
  183  13:42  Spawning Pool  
  177  13:52  Zergling x28  
  180  14:00  Zergling x14  
  169  14:06  Zergling x12  
  166  14:11  Baneling x4  
  152  14:20  Zergling x22  
  152  14:23  Baneling x7  
  155  14:30  Drone x4  
  159  14:37  Zergling x22  
  170  14:43  Baneling x7  
  170  14:51  Baneling x5  
  170  14:52  Drone  
  171  14:54  Baneling x2  
  171  14:55  Baneling  
  153  15:00  Zergling x30  
  148  15:08  Zergling x16  
  135  15:15  Zergling x6  
  135  15:16  Zergling x12  
  135  15:17  Zergling x2  
  131  15:23  Hydralisk x4  
  131  15:27  Drone  
  132  15:30  Baneling x7  
  132  15:35  Hydralisk x4  
  132  15:39  Baneling x8  
  140  15:43  Zergling x8  
  140  15:44  Zergling x2  
  142  15:51  Zergling x16  
  149  15:59  Zergling x22  
  156  16:10  Zergling x22  
  160  16:13  Baneling x2  
  160  16:16  Overlord  
  160  16:17  Hydralisk x4  
  168  16:27  Zergling x6  
  168  16:28  Zergling x8  
  175  16:33  Baneling x14  
  174  16:42  Hatchery  
Show
View Real Time Build Order
Export as new Build Order

TYTY Terran 

Build Orders: Command Center First (CC) 

Get SALT Encoding   

  12  0:00  SCV  
  13  0:12  SCV  
  14  0:17  Supply Depot  
  14  0:24  SCV  
  15  0:39  SCV  
  16  0:51  SCV  
  17  1:01  Command Center  
  17  1:05  SCV  
  18  1:15  Barracks  
  19  1:18  SCV  
  19  1:23  Refinery  
  19  1:30  SCV  
  20  1:42  SCV  
  22  2:04  Orbital Command  
  22  2:06  Barracks Reactor  
  21  2:13  Orbital Command  
  21  2:21  Command Center  
  21  2:28  Supply Depot  
  21  2:31  SCV  
  22  2:39  SCV  
  22  2:42  Marine x2  
  22  2:43  SCV  
  26  2:50  Barracks  
  26  2:53  SCV  
  26  2:56  SCV  
  28  3:00  Marine x2  
  30  3:06  SCV  
  30  3:08  SCV  
  32  3:18  SCV, Marine x2  
  32  3:19  Factory  
  35  3:20  SCV  
  36  3:30  Refinery, SCV  
  36  3:32  SCV  
  38  3:35  Orbital Command  
  38  3:36  Marine x2  
  38  3:38  Barracks Tech Lab  
  40  3:42  SCV  
  40  3:44  SCV  
  42  3:50  Bunker  
  42  3:54  Marine x2  
  42  3:55  SCV  
  45  3:56  SCV  
  45  3:57  Marine  
  45  3:59  Stimpack  
  45  4:00  SCV  
  48  4:06  Starport  
  48  4:07  SCV  
  48  4:08  SCV  
  48  4:09  Refinery  
  50  4:12  SCV  
  50  4:13  Factory Reactor  
  50  4:14  Marine x2  
  53  4:19  SCV  
  53  4:20  SCV  
  53  4:23  Refinery  
  53  4:24  SCV, Marine  
  56  4:31  SCV, Marine  
  56  4:32  SCV  
  56  4:33  Supply Depot x2  
  56  4:38  SCV  
  60  4:43  SCV  
  61  4:52  Supply Depot  
  61  4:53  Supply Depot  
  61  4:54  Medivac x2, SCV, Marine x2  
  61  4:56  SCV  
  61  4:59  Factory Tech Lab  
  70  5:01  Engineering Bay  
  70  5:02  Engineering Bay  
  70  5:05  Marine  
  70  5:07  SCV  
  70  5:09  SCV  
  70  5:10  Orbital Command  
  70  5:12  Marine  
  70  5:13  Supply Depot, Marine  
  74  5:18  Siege Tank  
  74  5:19  SCV  
  78  5:22  SCV  
  78  5:24  Marine  
  80  5:30  Marine  
  80  5:31  SCV, Marine  
  80  5:32  Terran Infantry Armor Level 1, Terran Infantry Weapons Level 1  
  83  5:35  SCV  
  83  5:36  SCV  
  83  5:39  Barracks  
  83  5:42  Combat Shield, Marine  
  85  5:43  SCV  
  85  5:44  Starport Reactor  
  85  5:47  Marine  
  85  5:49  Marine  
  89  5:50  SCV x2, Siege Tank  
  89  5:55  SCV  
  95  6:02  SCV x2  
  97  6:08  Marine x3  
  97  6:11  Supply Depot x3  
  100  6:13  Supply Depot  
  100  6:17  Barracks x2  
  100  6:19  Bunker  
  100  6:22  Medivac x2  
  100  6:25  Siege Tank  
  107  6:26  Marine x2  
  107  6:31  Missile Turret  
  111  6:32  SCV x2  
  111  6:34  Marine x2  
  111  6:39  SCV  
  114  6:40  Marine  
  114  6:44  Marine x2  
  117  6:50  Armory  
  117  6:52  Marine x2  
  119  6:54  SCV x2  
  119  6:57  Barracks x2, Marine  
  119  6:58  Barracks  
  119  6:59  Siege Tank  
  125  7:04  Barracks Reactor, Marine x2  
  125  7:05  Medivac x2  
  125  7:08  Barracks Reactor  
  131  7:13  Marine x2  
  131  7:15  Missile Turret, Marine  
  133  7:21  Supply Depot  
  133  7:22  Marine x2  
  136  7:24  SCV  
  136  7:25  SCV  
  136  7:27  Refinery  
  138  7:30  Marine  
  138  7:31  Marine  
  138  7:34  Marine  
  129  7:40  Marine x2  
  129  7:42  SCV x3, Marine  
  129  7:43  Marine  
  136  7:48  Marine x2  
  136  7:51  Marine x4  
  138  7:52  Marine  
  138  7:54  SCV  
  138  7:58  Marine x2  
  132  8:00  Marine x2  
  132  8:02  Marine  
  125  8:06  Marine x2  
  125  8:09  Marine x2  
  128  8:13  Marine x3  
  128  8:15  Marine  
  128  8:16  Marine  
  128  8:19  Terran Infantry Armor Level 2, Terran Infantry Weapons Level 2  
  127  8:25  Widow Mine  
  127  8:26  Marine x5  
  131  8:28  Marine  
  132  8:34  Marine x4  
  132  8:36  Marine  
  132  8:38  Medivac, Marine  
  137  8:46  Marine x4  
  137  8:53  SCV x2  
  137  8:54  Marine  
  137  8:56  SCV  
  132  9:05  SCV  
  132  9:06  Drilling Claws, Widow Mine  
  135  9:10  Barracks Tech Lab  
  135  9:11  Barracks Tech Lab  
  135  9:12  Marauder  
  135  9:13  Command Center, SCV x2  
  135  9:15  Liberator  
  135  9:16  Liberator  
  145  9:20  Barracks Tech Lab  
  145  9:26  Marine x5  
  145  9:29  Supply Depot  
  147  9:33  Marauder  
  147  9:34  Supply Depot  
  147  9:36  Supply Depot  
  149  9:38  Concussive Shells  
  149  9:49  Marauder  
  149  9:51  Siege Tank  
  147  9:55  Marauder x2  
  147  9:56  Marine x2  
  147  9:59  Marauder, Marine x2  
  151  10:00  Medivac x2  
  151  10:02  Marine x3  
  158  10:10  Sensor Tower, Marauder  
  158  10:12  Marine  
  158  10:13  Marine  
  162  10:16  Marauder  
  162  10:17  Marauder  
  162  10:18  Marine x3  
  162  10:20  Marauder, Marine x2  
  173  10:25  Siege Tank, Marine  
  177  10:30  Marine  
  177  10:31  Marine x2  
  177  10:36  Marine x3  
  177  10:37  Marine x3  
  177  10:41  Marine  
  177  10:42  Marauder  
  184  10:43  Marine  
  184  10:44  Terran Infantry Weapons Level 3, Terran Infantry Armor Level 3  
  184  10:48  Marine  
  184  10:49  Marauder  
  188  10:52  Marine  
  188  10:53  Marine  
  188  10:54  Marine x2  
  188  10:55  Marine  
  186  10:59  Medivac  
  188  11:13  Marine  
  188  11:14  Medivac, Marine x2  
  188  11:16  Planetary Fortress  
  188  11:17  Marine x4  
  183  11:23  Marine x4  
  185  11:31  Marauder  
  176  11:33  Command Center  
  176  11:36  Marine x2  
  176  11:37  Marine x3  
  171  11:41  Marauder  
  171  11:42  Medivac  
  171  11:44  Marine x3  
  152  11:48  Marine x2  
  152  11:50  Siege Tank  
  152  11:51  Medivac  
  152  11:53  Marine  
  160  11:58  Marine x2  
  156  12:03  Marauder  
  156  12:05  Marine  
  156  12:06  Marine x2  
  128  12:09  Marine x2  
  128  12:11  Orbital Command, Marine x3  
  128  12:12  Marine  
  125  12:16  Marine x2  
  111  12:23  Marine  
  111  12:24  Marine  
  111  12:25  Marine x2  
  111  12:26  SCV x2  
  111  12:27  Marine  
  118  12:32  Marine x4  
  121  12:37  Siege Tank  
  121  12:42  Marine  
  121  12:43  Marine x3  
  120  12:53  Barracks Tech Lab x2  
  120  12:54  Marauder, Marine x5  
  120  12:57  Orbital Command  
  127  13:00  Marine x2  
  127  13:01  Medivac, Marine  
  132  13:16  Marauder x2  
  132  13:17  Marauder, Marine x4  
  141  13:20  Marine x2  
  141  13:21  Medivac, Siege Tank  
  141  13:23  Factory  
  141  13:25  Marine x2  
  151  13:31  Barracks Tech Lab  
  150  13:38  Marauder x3, Marine x6  
  159  13:43  Marine x2  
  160  13:56  Marine x6  
  143  14:05  Marauder  
  143  14:06  Marauder, Marine  
  143  14:07  Marauder x2, Marine  
  143  14:08  Medivac x2  
  143  14:09  Siege Tank  
  150  14:14  Marine x5  
  146  14:21  Marine  
  131  14:24  Marine x2  
  131  14:26  Marine  
  131  14:27  SCV, Marine  
  131  14:28  Marine x2  
  138  14:37  Orbital Command, Marine x3  
  141  14:44  Marauder  
  143  14:46  Marauder x3  
  143  14:48  Marine x2  
  143  14:49  Marine x2  
  143  14:50  Factory Tech Lab  
  138  15:01  Medivac x2, Marine  
  138  15:06  Marauder  
  118  15:07  Marauder  
  118  15:11  Siege Tank  
  118  15:12  Marauder x2  
  118  15:13  Marine  
  104  15:15  Marine  
  104  15:17  Marine  
  95  15:23  Marine x2  
  91  15:28  Marine x2  
  91  15:31  Medivac  
  91  15:32  Marine x2  
  98  15:42  Marine  
  98  15:43  Marine  
  98  15:44  Marine x3  
  98  15:46  Orbital Command  
  102  15:50  Marine  
  102  15:51  Marine x2  
  102  15:57  Marine x4  
  105  16:08  Marine x2  
  105  16:09  Marine x5  
  106  16:13  Marine  
  106  16:14  Marine  
  106  16:17  Siege Tank  
  111  16:19  Marine  
  111  16:21  Marine  
  111  16:22  Marine  
  114  16:27  Marine  
  114  16:28  Marine  
  114  16:29  Marine x4  
  114  16:32  Marine  
  119  16:42  Marine x5  
Tags
 
Add a new tag
Caveats
  • Supply blocks, unpowered buildings, or Contaminate may cause inaccurate times.
  • Supply counts are checked every 10 seconds.